 Dungeon Crawl Stone Soup version 0.21-a0-521-g1cd18d1 (webtiles) character file.

44 Gerstahl the Insei (level 3, 0/28 HPs)
             Began as a Demonspawn Transmuter on Dec 5, 2017.
             Slain by an adder (3 damage)
             ... on level 2 of the Dungeon.
             The game lasted 00:01:45 (1228 turns).

Gerstahl the Insei (Demonspawn Transmuter)          Turns: 1228, Time: 00:01:46

Health: 0/28       AC:  2    Str: 10    XL:     3   Next: 39%
Magic:  5/6        EV: 12    Int: 15    God:
Gold:   122        SH:  0    Dex: 13    Spells: 5/6 levels left

rFire    . . .     SeeInvis .     - Unarmed
rCold    . . .     Gourm    .   (no shield)
rNeg     . . .     Faith    .   b - +0 robe
rPois    .         Spirit   .   (no helmet)
rElec    .         Reflect  .   (no cloak)
rCorr    .         Harm     .   (no gloves)
MR       .....                  (no boots)
Stlth    ++........             (no amulet)
HPRegen  0.09/turn              (no ring)
MPRegen  0.10/turn              (no ring)

@: very slightly contaminated
A: nightstalker 1, rot immunity
a: no special abilities


You were on level 2 of the Dungeon.
You were not hungry.

You visited 1 branch of the dungeon, and saw 2 of its levels.

You collected 122 gold pieces.

Inventory:

Missiles
 a - 32 arrows
Armour
 b - a +0 robe (worn)
Scrolls
 e - a scroll of enchant weapon {unknown}
 f - a scroll of remove curse {unknown}
 h - a scroll of noise {unknown}
 i - 2 scrolls of teleportation {unknown}
 j - a scroll of fog {unknown}
 k - a scroll of random uselessness {unknown}
 l - 3 scrolls of identify {unknown}
Potions
 g - a potion of cancellation {unknown}
 m - 2 potions of mutation {unknown}
 n - a potion of heal wounds {unknown}
 p - a potion of ambrosia {unknown}
Books
 c - a book of Changes

   Spells                             Type                      Level
   a - Beastly Appendage              Transmutation                1
   b - Sticks to Snakes               Transmutation                2
   c - Spider Form                    Transmutation/Poison         3
   d - Ice Form                       Ice/Transmutation            4
   e - Blade Hands                    Transmutation                5
Comestibles
 d - a bread ration
 o - a chunk of flesh
 q - a meat ration


   Skills:
 + Level 2.4 Fighting
 - Level 1.7 Dodging
 + Level 3.4 Unarmed Combat
 - Level 2.0 Spellcasting
 - Level 1.7 Transmutations


You had 5 spell levels left.
You knew the following spells:

 Your Spells              Type           Power        Failure   Level  Hunger
a - Beastly Appendage     Tmut           #.....       11%         1    #......


Dungeon Overview and Level Annotations

Branches:
Dungeon (2/15)

Altars:


Innate Abilities, Weirdness & Mutations

You are slightly more attuned to the shadows.
You are immune to rotting.


Message History

An adder comes into view.
An adder is nearby!
The adder hisses angrily.
Found a stone staircase leading down.
You start resting.
Your horns disappear.
An adder is nearby!
Casting: Beastly Appendage
Confirm with . or Enter, or press ? or * to list all spells.
You miscast Beastly Appendage.
You are very lightly contaminated with residual magic.
Nothing appears to happen.
You hit the adder but do no damage. The adder barely misses you.
You miss the adder. The adder bites you.
* * * LOW HITPOINT WARNING * * *
You barely miss the adder. The adder bites you but does no damage.
The adder completely misses you.
You barely miss the adder. The adder bites you but does no damage.
You barely miss the adder. The adder bites you.
You die...

#####.#..#.............#
...?..#..#......<......#
.....S..#.....รท)......#
..............().......#
....#..#.#..(..........#
..........S............#
.....#.#)##.############
.... #.#.##.### ...
.......S@# ##
###..##.#.# .......#.#
.#.....#.# ......#.#
.#>...#.# #....#.#


You could see an adder.

Vanquished Creatures
  An ooze (D:1)
  2 leopard geckos
  A ball python (D:1)
  A giant cockroach (D:2)
  2 hobgoblins
  3 jackals (D:2)
  7 kobolds
  A quokka (D:2)
  6 bats
  2 frilled lizards (D:1)
  4 goblins
  6 rats (D:1)
36 creatures vanquished.

Notes
Turn   | Place    | Note
-------+----------+-------------------------------------------
     0 | D:1      | Gerstahl the Demonspawn Transmuter began the quest for the Orb.
     0 | D:1      | Reached XP level 1. HP: 15/15 MP: 3/3
   182 | D:1      | Reached skill level 3 in Unarmed Combat
   182 | D:1      | Gained mutation: You are slightly more attuned to the shadows. [demonic ancestry]
   182 | D:1      | Reached XP level 2. HP: 5/21 MP: 3/5
   702 | D:1      | Gained mutation: You are immune to rotting. [demonic ancestry]
   702 | D:1      | Reached XP level 3. HP: 17/27 MP: 6/6
  1228 | D:2      | Slain by an adder

Vault maps used:
D:1:      dpeg_arrival_tiny_a, grunt_decor_one_mirror, minivault_4,
          hex_intersection
D:2:      chequers_ecumenical_altar_simple, first_bread,
          okawaru_metal_pillars_1_2

Skill      XL: |  1  2 |
---------------+-------+-----
Unarmed Combat | 3 |  3.4
Fighting       | 2 |  2.4
Dodging        | |  1.7
Spellcasting   | |  2.0
Transmutations | |  1.7

Action                   || total
-------------------------++-------
Melee: Unarmed           ||   128
       Kick              ||     2
       Headbutt          ||     4
 Cast: Beastly Appendage ||    11
 Stab: Sleeping          ||     5
  Eat: Chunk             ||     1
Armor: Robe              ||    23
Dodge: Dodged            ||    92

Table legend:
 A = Spawn XP
 B = Non-spawn XP
 C = Spawn XP percentage of total XP
 D = Spawn monster count
 E = Non-spawn monster count
 F = Spawn count percentage of total count
 G = Total turns spent on level
                    A         B        C        D         E        F      G
               +---------+---------+-------+---------+---------+-------+---------
         Total |       0 |      63 |   0.0 |       0 |      36 |   0.0 |  1228
               +---------+---------+-------+---------+---------+-------+---------
           D:1 |       0 |      43 |   0.0 |       0 |      26 |   0.0 |   997
           D:2 |       0 |      20 |   0.0 |       0 |      10 |   0.0 |   231
               +---------+---------+-------+---------+---------+-------+---------
